Warning! The script has encountered some errors when parsing the replay. Please report them to the . » details
0x00, prev: 0x16: 16 02 01 00 11 5F 00 00 8F CB 00 00 [00] 00 00 00 00 00 00 00 00 00 00 00 00 00 00 00 00 00 00 00 00 00 00 00 02 00
0x00, prev: 0x00: 16 02 01 00 11 5F 00 00 8F CB 00 00 00 00 00 00 00 00 00 00 00 00 00 00 00 00 00 00 00 00 00 00 00 00 [00] 00 02 00
0x00, prev: 0x01: 16 02 01 00 AB 5E 00 00 A8 70 00 00 00 00 00 00 00 00 00 00 00 00 00 00 00 00 00 00 00 00 00 00 00 00 00 00 01 [00] 03 1F 00 12 18 00 03 00 0D 00 FF FF FF FF FF FF FF FF FC 89 0C C4 86 CA 8F C5 FF FF FF FF FF FF FF FF
0x00, prev: 0x02: 16 02 01 00 11 5F 00 00 8F CB 00 00 00 00 00 00 00 00 00 00 00 00 00 00 00 00 00 00 00 00 00 00 00 00 00 00 02 [00]
General information
- name: BNet
- type: Ladder team game (AT/RT)
- host: Battle.net
- saver: CawCawCawCawCaw
map: TwistedMeadows
- players: 4
- length: 24:26
- speed: Fast
- version: 1.23 W3XP
- replay type: Public
» download(106 KB)
Players
team 1 (winner)

»
avid.milk2 (
blue | 76 APM | 1639 actions | 21:31)
5 Pandaren Brewmaster
3 Breath of Fire
2 Drunken Brawler
» actions
| Assign group hotkey | 47 | |
| Basic commands | 25 | |
| Build / train | 107 | |
| Enter build submenu | 48 | |
| Enter hero's abilities submenu | 5 | |
| Right click | 622 | |
| Select / deselect | 269 | |
| Select group hotkey | 380 | |
| Use ability | 136 | |
1639 total
» units
| Peasant | 12 | |
| Mortar Team | 15 | |
| Sorceress | 5 | |
32 total
» upgrades
| Masonry | 3 | |
| Fragmentation Shards | 1 | |
| Gunpowder | 3 | |
| Flare | 1 | |
| Sorceress Training | 2 | |
| Magic Sentry | 1 | |
| Armor | 1 | |
12 total
» buildings
| Altar of Kings | 1 | |
| Farm | 14 | |
| Lumber Mill | 1 | |
| Scout Tower | 30 | |
| Arcane Tower | 1 | |
| Guard Tower | 39 | |
| Arcane Vault | 1 | |
| Keep | 2 | |
| Blacksmith | 1 | |
| Castle | 1 | |
| Workshop | 3 | |
| Arcane Sanctum | 2 | |
96 total
» build order
00:10 Altar of Kings
00:13 Farm
00:24 Lumber Mill
00:27 Scout Tower
01:56 Arcane Tower
02:00 Scout Tower
02:29 Farm
02:31 Guard Tower
02:34 Scout Tower
03:01 Scout Tower
03:01 Scout Tower
03:07 Guard Tower
03:15 Scout Tower
03:23 Scout Tower
03:39 Guard Tower
03:39 Guard Tower
03:42 Guard Tower
03:43 Guard Tower
04:00 Arcane Vault
04:03 Guard Tower
04:49 Keep
05:03 Guard Tower
05:03 Guard Tower
05:11 Castle
05:17 Workshop
05:17 Workshop
05:22 Workshop
05:27 Farm
05:28 Farm
05:29 Farm
05:44 Farm
05:45 Farm
06:20 Farm
08:59 Arcane Sanctum
09:01 Arcane Sanctum
09:06 Farm
09:07 Farm
10:27 Scout Tower
10:30 Scout Tower
10:31 Scout Tower
10:36 Scout Tower
10:36 Scout Tower
10:37 Scout Tower
10:43 Scout Tower
11:36 Guard Tower
12:05 Guard Tower
12:27 Guard Tower
12:33 Scout Tower
12:33 Scout Tower
12:34 Scout Tower
12:35 Scout Tower
13:12 Scout Tower
13:14 Scout Tower
13:15 Scout Tower
13:19 Scout Tower
13:20 Scout Tower
13:21 Scout Tower
13:22 Scout Tower
13:23 Scout Tower
13:29 Guard Tower
14:40 Guard Tower
14:41 Guard Tower
14:41 Guard Tower
14:47 Guard Tower
14:47 Guard Tower
14:52 Guard Tower
14:52 Guard Tower
14:52 Guard Tower
14:59 Guard Tower
14:59 Guard Tower
14:59 Guard Tower
14:59 Guard Tower
15:03 Scout Tower
15:04 Scout Tower
19:35 Farm
19:36 Farm
19:36 Farm
» items
| Healing Salve | 2 | |
| Lesser Clarity Potion | 3 | |
| Scroll of Speed | 2 | |
| Scroll of Town Portal | 2 | |
9 total

»
CawCawCawCawCaw (
yellow | 74 APM | 1600 actions | 21:32)
6 Pandaren Brewmaster
3 Breath of Fire
2 Drunken Haze
1 Storm Earth and Fire
» actions
| Assign group hotkey | 56 | |
| Basic commands | 8 | |
| Build / train | 74 | |
| ESC pressed | 6 | |
| Enter build submenu | 30 | |
| Enter hero's abilities submenu | 6 | |
| Give item / drop item | 2 | |
| Right click | 703 | |
| Select / deselect | 248 | |
| Select group hotkey | 322 | |
| Use ability | 145 | |
1600 total
» units
| Peon | 26 | |
| Wind Rider | 3 | |
| Troll Batrider | 7 | |
36 total
» upgrades
| Envenomed Spears | 1 | |
| Ranged Weapons | 2 | |
| Reinforced Defenses | 1 | |
| Armor | 1 | |
5 total
» buildings
| Altar of Storms | 1 | |
| Orc Burrow | 7 | |
| War Mill | 1 | |
| Voodoo Lounge | 3 | |
| Watch Tower | 8 | |
| Stronghold | 1 | |
| Fortress | 1 | |
| Beastiary | 2 | |
24 total
» build order
00:09 Altar of Storms
00:13 Orc Burrow
00:36 Orc Burrow
00:57 Orc Burrow
01:02 Orc Burrow
01:29 Orc Burrow
02:01 War Mill
03:24 Voodoo Lounge
03:26 Watch Tower
03:39 Voodoo Lounge
03:47 Voodoo Lounge
04:50 Watch Tower
05:08 Watch Tower
05:11 Watch Tower
05:41 Stronghold
08:03 Fortress
08:36 Beastiary
08:41 Beastiary
13:53 Orc Burrow
13:54 Orc Burrow
» items
| Lesser Clarity Potion | 5 | |
| Healing Salve | 4 | |
| Boots of Speed | 1 | |
| Staff of Teleportation | 1 | |
| Scroll of Regeneration | 1 | |
| Tiny Great Hall | 1 | |
| Scroll of Town Portal | 3 | |
| Scroll of Speed | 1 | |
| Orb of Lightning | 1 | |
18 total
team 2 (loser)
dern_NlGGER (
pink | 68 APM | 1333 actions | 19:39)
2 Mountain King
1 Storm Bolt
1 Bash
» actions
| Assign group hotkey | 96 | |
| Basic commands | 1 | |
| Build / train | 88 | |
| Enter build submenu | 47 | |
| Enter hero's abilities submenu | 2 | |
| Give item / drop item | 2 | |
| Remove unit from queue | 2 | |
| Right click | 512 | |
| Select / deselect | 362 | |
| Select group hotkey | 163 | |
| Use ability | 58 | |
1333 total
» units
| Peasant | 42 | |
| Gryphon Rider | 7 | |
| Goblin Zeppelin | 1 | |
50 total
» upgrades
| Masonry | 2 | |
| Lumber Harvesting | 1 | |
| Storm Hammers | 1 | |
4 total
» buildings
| Lumber Mill | 2 | |
| Scout Tower | 18 | |
| Guard Tower | 15 | |
| Arcane Tower | 3 | |
| Arcane Vault | 2 | |
| Altar of Kings | 2 | |
| Farm | 10 | |
| Blacksmith | 2 | |
| Keep | 2 | |
| Town Hall | 3 | |
| Castle | 2 | |
| Gryphon Aviary | 2 | |
63 total
» build order
00:07 Lumber Mill
01:06 Scout Tower
01:08 Scout Tower
01:16 Scout Tower
01:26 Guard Tower
01:31 Guard Tower
01:31 Guard Tower
01:38 Guard Tower
01:41 Scout Tower
01:51 Scout Tower
01:57 Scout Tower
02:07 Guard Tower
02:08 Guard Tower
02:08 Guard Tower
02:15 Guard Tower
02:16 Guard Tower
02:18 Scout Tower
02:38 Guard Tower
04:03 Scout Tower
04:23 Arcane Tower
04:34 Arcane Vault
04:38 Scout Tower
04:58 Scout Tower
05:03 Altar of Kings
05:08 Farm
05:11 Farm
05:27 Scout Tower
05:36 Scout Tower
05:40 Scout Tower
05:44 Arcane Vault
05:47 Guard Tower
05:47 Guard Tower
05:50 Lumber Mill
05:57 Scout Tower
06:28 Guard Tower
07:28 Guard Tower
07:40 Keep
08:03 Guard Tower
08:21 Altar of Kings
09:26 Farm
09:28 Farm
09:56 Town Hall
10:04 Farm
10:10 Castle
10:10 Castle
10:22 Farm
11:13 Gryphon Aviary
11:16 Gryphon Aviary
11:35 Farm
11:39 Farm
12:55 Scout Tower
12:57 Scout Tower
15:40 Farm
17:20 Blacksmith
19:17 Town Hall
19:20 Town Hall
» items
| Scroll of Regeneration | 1 | |
| Lesser Clarity Potion | 2 | |
| Scroll of Town Portal | 1 | |
| Orb of Fire | 1 | |
| Potion of Healing | 1 | |
6 total

»
N1ggerLoversdie (
red | 54 APM | 1161 actions | 21:30)
4 Death Knight
2 Death Coil
2 Unholy Aura
4 Naga Sea Witch
2 Frost Arrows
2 Forked Lightning
» actions
| Assign group hotkey | 22 | |
| Build / train | 43 | |
| Enter build submenu | 15 | |
| Enter hero's abilities submenu | 8 | |
| Give item / drop item | 2 | |
| Remove unit from queue | 1 | |
| Right click | 436 | |
| Select / deselect | 283 | |
| Select group hotkey | 308 | |
| Use ability | 42 | |
1161 total
» units
| Acolyte | 3 | |
| Ghoul | 3 | |
| Crypt Fiend | 7 | |
| Obsidian Statue | 2 | |
| Frost Wyrm | 3 | |
| Goblin Zeppelin | 1 | |
19 total
» upgrades
| Web | 1 | |
| Creature Attack | 2 | |
| Creature Carapace | 2 | |
| Freezing Breath | 1 | |
6 total
» buildings
| Altar of Darkness | 1 | |
| Ziggurat | 6 | |
| Graveyard | 1 | |
| Crypt | 1 | |
| Tomb of Relics | 1 | |
| Halls of the Dead | 1 | |
| Nerubian Tower | 1 | |
| Slaughterhouse | 1 | |
| Black Citadel | 1 | |
| Sacrificial Pit | 1 | |
| Boneyard | 1 | |
16 total
» build order
00:28 Altar of Darkness
00:31 Ziggurat
01:00 Graveyard
01:19 Crypt
02:00 Ziggurat
02:42 Tomb of Relics
04:36 Halls of the Dead
05:11 Slaughterhouse
05:54 Ziggurat
07:54 Black Citadel
08:21 Sacrificial Pit
09:53 Ziggurat
10:48 Boneyard
13:10 Ziggurat
» items
| Lesser Clarity Potion | 1 | |
| Potion of Healing | 1 | |
| Scroll of Healing | 1 | |
| Scroll of Town Portal | 1 | |
4 total
Chat log
(00:04 / Allies) CawCawCawCawCaw: orc
(00:05 / Allies) CawCawCawCawCaw: towers
(00:24 / All) CawCawCawCawCaw: i am a black boy
(00:32 / All) avid.milk2: im an african american
(00:38 / Allies) CawCawCawCawCaw: gold 100
(00:38 / All) dern_NlGGER: fuck u niggers
(00:41 / All) avid.milk2: and i take great exception at your display of cultural ignorance
(00:42 / Allies) CawCawCawCawCaw: wood 20 gold 100
(00:42 / All) N1ggerLoversdie: shame on your parents
(00:50 / All) CawCawCawCawCaw: yikes!
(00:53 / Allies) CawCawCawCawCaw: wood 20
(01:04 / All) N1ggerLoversdie: ok dad
(01:23 / Allies) CawCawCawCawCaw: 10 wood
(01:32 / Allies) CawCawCawCawCaw: miltilta
(01:34 / Allies) CawCawCawCawCaw: need pandas
(01:50 / Allies) avid.milk2: i shoulda got am
(01:52 / Allies) avid.milk2: i cancelled it
(02:47 / Allies) CawCawCawCawCaw: tower urs
(02:57 / Allies) CawCawCawCawCaw: care
(03:13 / Allies) CawCawCawCawCaw: gold
(04:13 / Allies) CawCawCawCawCaw: care ur hero now
(05:11 / Allies) CawCawCawCawCaw: 100 gold
(05:12 / Allies) CawCawCawCawCaw: your town
(05:58 / Allies) avid.milk2: this is an absurd game
(06:00 / Allies) CawCawCawCawCaw: get morts asap
(07:24 / Allies) CawCawCawCawCaw: anytime
(08:33 / Allies) CawCawCawCawCaw: get sorcs now
(09:41 / Allies) CawCawCawCawCaw: hmm
(09:43 / Allies) CawCawCawCawCaw: invis mort
(09:45 / Allies) CawCawCawCawCaw: and expo tower
(09:47 / Allies) CawCawCawCawCaw: is what we need
(09:59 / Allies) CawCawCawCawCaw: wow they hack
(10:00 / Allies) CawCawCawCawCaw: go figure
(10:13 / Allies) CawCawCawCawCaw: man
(10:16 / Allies) CawCawCawCawCaw: ur sanctums
(10:18 / Allies) CawCawCawCawCaw: are asking to get razed
(10:26 / Allies) CawCawCawCawCaw: lets clear this
(10:30 / Allies) CawCawCawCawCaw: fast
(11:13 / Allies) CawCawCawCawCaw: we gotta kill hu expo
(11:17 / Allies) CawCawCawCawCaw: get invis setnry for towers
(11:50 / Allies) CawCawCawCawCaw: put a tower in my base
(11:57 / Allies) CawCawCawCawCaw: care ur guys
(12:00 / Allies) CawCawCawCawCaw: we dont want them to know we hack
(12:01 / Allies) CawCawCawCawCaw: or its gg
(12:10 / Allies) avid.milk2: do what
(12:26 / Allies) CawCawCawCawCaw: mass tower our expo
(12:39 / Allies) avid.milk2: nbo gold
(13:00 / Allies) CawCawCawCawCaw: invis mort
(13:01 / Allies) CawCawCawCawCaw: something
(13:05 / Allies) CawCawCawCawCaw: stay 50
(13:07 / Allies) CawCawCawCawCaw: get5 450 and stay 50
(13:40 / Allies) CawCawCawCawCaw: go north
(13:41 / Allies) CawCawCawCawCaw: u afk?
(13:43 / Allies) CawCawCawCawCaw: u blind?
(13:46 / Allies) CawCawCawCawCaw: nvm
(14:02 / Allies) CawCawCawCawCaw: go hit
(14:04 / Allies) CawCawCawCawCaw: where they arent
(14:33 / All) N1ggerLoversdie: yall seriously hack fucks
(14:33 / Allies) CawCawCawCawCaw: ill expo it
(14:34 / Allies) CawCawCawCawCaw: tower up
(14:39 / Allies) CawCawCawCawCaw: TOWER
(14:43 / Allies) avid.milk2: no wood
(14:45 / Allies) avid.milk2: nNONE
(14:47 / Allies) avid.milk2: NONE
(14:48 / Allies) CawCawCawCawCaw: theen ask
(14:49 / Allies) CawCawCawCawCaw: jesus
(14:51 / Allies) avid.milk2: MORE
(14:54 / Allies) avid.milk2: gold
(15:02 / Allies) CawCawCawCawCaw: go
(15:03 / Allies) CawCawCawCawCaw: mrot
(15:04 / Allies) CawCawCawCawCaw: soemthing
(15:06 / Allies) CawCawCawCawCaw: u gor morts and sorcs
(15:07 / Allies) CawCawCawCawCaw: use
(15:11 / Allies) CawCawCawCawCaw: ejeeeeeez
(15:12 / Allies) CawCawCawCawCaw: jeeeeeeeexz
(15:14 / Allies) CawCawCawCawCaw: jeeeeeeez
(15:16 / Allies) CawCawCawCawCaw: jeeeeeez
(15:17 / Allies) CawCawCawCawCaw: ourrrrch
(15:18 / Allies) CawCawCawCawCaw: oururururuch
(15:59 / Allies) CawCawCawCawCaw: fast
(16:00 / Allies) CawCawCawCawCaw: hsi main
(16:33 / All) dern_NlGGER: HACKING FUCKS
(16:39 / All) dern_NlGGER: map hack fucks
(16:51 / All) CawCawCawCawCaw: dj play that girl song
(16:52 / All) CawCawCawCawCaw: put that song on
(17:14 / Allies) CawCawCawCawCaw: mort bot more
(17:15 / Allies) CawCawCawCawCaw: they cant tp there
(17:41 / Allies) CawCawCawCawCaw: mor top then
(17:49 / Allies) CawCawCawCawCaw: go fast he has shadwe on way
(18:52 / Allies) CawCawCawCawCaw: finish it
(19:16 / All) CawCawCawCawCaw: nice tower rush at start
(19:18 / All) CawCawCawCawCaw: i chuckled.
(19:33 / Allies) CawCawCawCawCaw: get all hu peon
(21:10 / All) CawCawCawCawCaw: l0l
(21:29 / All) CawCawCawCawCaw: anything juicy in that zepp?